Map: Orbital Shipyard

Players

PaRaDoX - Winner!

  • Race: Protoss Protoss
  • League: Diamond

LilDicky

  • Race: Terran Terran
  • League: Diamond

VOD

http://www.twitch.tv/tumescentpie

Description

Time

  • Played on: Dec. 26, 2015, 8:38 p.m.
  • Length: 6:33
Show
View Real Time Build Order
Export as new Build Order

PaRaDoX Protoss - Winner!

Build Orders: 1 Gate Expand 

Get SALT Encoding   

  12  0:02  Probe (Chrono Boost)  
  13  0:12  Probe (Chrono Boost)  
  14  0:20  Pylon  
  14  0:26  Probe (Chrono Boost)  
  15  0:39  Gateway  
  15  0:40  Probe (Chrono Boost)  
  16  0:49  Assimilator  
  16  0:51  Probe (Chrono Boost)  
  17  1:02  Probe (Chrono Boost)  
  18  1:12  Probe (Chrono Boost)  
  19  1:25  Nexus  
  19  1:37  Cybernetics Core  
  19  1:43  Probe (Chrono Boost), Assimilator  
  20  1:55  Probe (Chrono Boost), Pylon  
  23  2:16  Mothership Core (Chrono Boost), Adept  
  25  2:27  Warp Gate  
  25  2:34  Probe (Chrono Boost)  
  25  2:38  Probe (Chrono Boost)  
  26  2:47  Probe (Chrono Boost)  
  26  2:49  Stalker, Probe (Chrono Boost)  
  30  2:55  Twilight Council  
  30  3:03  Robotics Facility  
  30  3:08  Probe x2 (Chrono Boost)  
  32  3:19  Probe x2 (Chrono Boost)  
  34  3:26  Sentry  
  36  3:29  Probe (Chrono Boost)  
  37  3:39  Probe (Chrono Boost)  
  37  3:40  Probe (Chrono Boost)  
  39  3:43  Pylon  
  39  3:48  Probe (Chrono Boost)  
  39  3:50  Probe (Chrono Boost)  
  39  3:54  Observer (Chrono Boost)  
  39  3:55  Stalker  
  44  3:58  Probe  
  44  4:02  Gateway  
  45  4:05  Gateway  
  45  4:06  Probe  
  46  4:10  Gateway  
  46  4:14  Probe  
  46  4:15  Immortal (Chrono Boost)  
  51  4:19  Probe  
  51  4:22  Assimilator  
  52  4:30  Pylon  
  52  4:37  Probe  
  52  4:38  Probe  
  52  4:44  Pylon  
  54  4:48  Probe  
  55  4:55  Immortal (Chrono Boost)  
  55  4:57  Probe  
  60  5:03  Probe  
  60  5:06  Robotics Bay  
  61  5:09  Assimilator  
  61  5:16  Adept x3  
  61  5:17  Probe  
  61  5:18  Probe  
  69  5:24  Pylon  
  69  5:27  Probe  
  70  5:40  Pylon  
  70  5:42  Warp Prism (Chrono Boost)  
  72  5:46  Adept  
  72  5:47  Stalker  
  76  5:52  Adept x2  
  76  6:12  Adept x2  
  76  6:13  Stalker x2  
  85  6:18  Probe  
  85  6:22  Forge  
  85  6:24  Gateway  
Show
View Real Time Build Order
Export as new Build Order

LilDicky Terran 

Build Orders: MMM Bio 

Get SALT Encoding   

  12  0:03  SCV  
  13  0:15  SCV  
  13  0:19  Supply Depot  
  14  0:27  SCV  
  15  0:40  Refinery  
  15  0:41  SCV  
  16  0:45  Barracks  
  16  0:53  SCV  
  17  1:06  SCV  
  18  1:18  SCV  
  20  1:33  Marine  
  20  1:36  Supply Depot  
  20  1:37  Orbital Command  
  20  1:48  Factory  
  20  1:51  Marine  
  21  2:03  Barracks  
  21  2:04  Barracks  
  21  2:05  SCV  
  22  2:13  Barracks Reactor  
  22  2:17  SCV  
  23  2:29  SCV  
  24  2:38  Refinery  
  24  2:41  SCV  
  25  2:50  Supply Depot  
  25  2:51  Barracks Tech Lab  
  25  2:52  Barracks Tech Lab  
  25  2:53  SCV  
  25  2:56  Widow Mine  
  28  3:04  Marine x2  
  30  3:05  SCV  
  31  3:13  Supply Depot  
  31  3:18  SCV, Stimpack  
  31  3:19  Marine x2  
  33  3:21  Marine  
  34  3:34  Combat Shields  
  34  3:35  Marine  
  34  3:37  SCV, Marine  
  34  3:39  Supply Depot, Marine  
  34  3:40  Marine  
  37  4:00  Starport, Marine  
  37  4:01  Marine x2  
  41  4:02  SCV  
  41  4:06  Supply Depot  
  41  4:13  Marine  
  41  4:15  SCV  
  43  4:18  Supply Depot, Marine  
  46  4:27  SCV  
  47  4:36  Marauder x2, Marine x2  
  51  4:42  Medivac  
  53  5:07  Marauder x2, Marine x2  
  53  5:12  Medivac  
  61  5:19  Concussive Shells  
  61  5:22  SCV  
  61  5:25  Marine x2  
  64  5:29  Marauder x2  
  68  5:43  Marine x2  
  70  5:50  Marauder, Marine  
  67  6:07  Marine  
  67  6:08  Marine  
  67  6:09  Marauder  
Tags
 
Add a new tag
Caveats
  • Supply blocks, unpowered buildings, or Contaminate may cause inaccurate times.
  • Supply counts are checked every 10 seconds.